 Dungeon Crawl Stone Soup version 0.30.1-11-g7821555f0a (webtiles) character file.

Game seed: 52007728290209668

1379 comborobin the Basher (level 8, -6/53 (58) HPs)
             Began as a Formicid Delver on Dec 16, 2023.
             Was an Initiate of Cheibriados.
             Mangled by a +1 spectral quarterstaff (13 damage)
             ... created by Joseph
             ... on level 7 of the Dungeon.
             The game lasted 00:05:13 (5583 turns).

comborobin the Basher (Formicid Delver)             Turns: 5583, Time: 00:05:14

HP:   -6/53 (58)    AC: 14    Str: 20    XL:     8   Next: 99%
MP:   8/8           EV:  6    Int: 11    God:    Cheibriados [......]
Gold: 319           SH:  5    Dex: 16    Spells: 7/7 levels left

rFire   . . .        a - +0 great mace
rCold   . . .        (no shield)
rNeg    . . .        r - +3 plate armour
rPois   .            (helmet unavailable)
rElec   .            (no cloak)
rCorr   .            (no gloves)
SInv    +            (no boots)
Will    .....        q - amulet of reflection Stlth
                     (no ring)
HPRegen 0.28/turn    (no ring)
MPRegen 0.11/turn

%: reflection
@: mighty, lethally poisoned (-6 -> -9), studying Stealth, drained, very slow
A: permanent stasis, dig shafts and tunnels, antennae 3, four strong arms
a: Dig, Shaft Self, Renounce Religion


You were on level 7 of the Dungeon.
You worshipped Cheibriados.
Cheibriados was noncommittal.
You visited 2 branches of the dungeon, and saw 8 of its levels.

You collected 319 gold pieces.

Inventory:

Hand Weapons
 a - a +0 great mace (weapon)
 b - a +1 dagger of draining
 n - a +0 flail
Armour
 i - a +0 ring mail
 l - a +3 leather armour
 r - a +3 plate armour (worn)
Jewellery
 q - an amulet of reflection (around neck)
Wands
 f - a wand of digging (3)
Scrolls
 c - a scroll of fog
 d - a scroll of magic mapping
 e - a scroll of fear
 g - a scroll of vulnerability
 h - 6 scrolls of identify
Potions
 m - a potion of berserk rage
 o - 2 potions of brilliance


   Skills:
 - Level 3.2 Fighting
 + Level 10.1 Maces & Flails
 + Level 3.0 Armour
 - Level 1.7 Dodging
 - Level 6.0 Stealth


You had 7 spell levels left.
You didn't know any spells.
Your spell library contained the following spells:

 Spells                   Type           Power      Damage    Failure   Level
 Ensorcelled Hibernation  Hex/Ice        0%         N/A       100%        2
 Spider Form              Tmut/Pois      0%         N/A       100%        3
 Anguish                  Hex/Necr       0%         N/A       100%        4
 Arcjolt                  Conj/Air       0%         1d10      100%        5
 Maxwell's Capacitive Co  Air            0%         ∞         100%        8
 Vhi's Electric Charge    Tloc/Air       Unusable   N/A       N/A         3

Dungeon Overview and Level Annotations

Branches:
Dungeon (8/15)             Temple (1/1) D:5
   Lair: D:8-11

Altars:
Ashenzari
Cheibriados
Fedhas
Gozag
Kikubaaqudgha
Nemelex Xobeh
Qazlal
Ru
Sif Muna
Trog

Annotations:
D:7 Joseph


Innate Abilities, Weirdness & Mutations

You cannot be hasted, slowed, berserked, paralysed or teleported.
You can dig through walls and to a lower floor.
You have a pair of large antennae on your head. (SInv)
Your four strong arms can wield two-handed weapons with a shield.


Message History

You block the sling bullet with an invisible shield... and reflect it back!
The sling bullet hits Joseph!
Joseph shoots a sling bullet.
The sling bullet hits you but does no damage.
An orc priest comes into view. It is wielding a +0 club.
You hear a shout!
A kobold brigand comes into view.
It is wielding a +0 short sword and quivering poisoned darts.
The kobold brigand shouts!
Joseph shoots a sling bullet.
The sling bullet hits you.
The kobold brigand throws a poisoned dart.
You block the poisoned dart with an invisible shield... and reflect it back!
The poisoned dart hits the kobold brigand!
The kobold brigand is poisoned.
You sock Joseph!
Joseph is heavily wounded.
The kobold brigand throws a poisoned dart.
The poisoned dart hits you!
You are poisoned.
Joseph unwields a +0 sling.
Joseph wields a +1 spectral quarterstaff.
Joseph hits you with a +1 spectral quarterstaff!
The +1 spectral quarterstaff hits you.
A +1 spectral quarterstaff comes into view.
You barely miss Joseph.
Joseph is heavily wounded.
You feel sick.
The orc priest calls down the wrath of Beogh upon you.
Beogh smites you!
* * * LOW HITPOINT WARNING * * *
A white imp comes into view.
You block Joseph's attack.
The +1 spectral quarterstaff barely misses you.
The white imp shouts, "Get thee hence, thou yeasty toot-wallowing canker-blossom!"
You bludgeon Joseph!!
Joseph is almost dead.
You feel sick.
Joseph hits you with a +1 spectral quarterstaff!
* * * LOW HITPOINT WARNING * * *
The +1 spectral quarterstaff hits you!
You die...

...... .(....... ...
........ .... ........
.... ........ .....
.....#.###.....
.....#.........
.........##########.####
......>.........@@.o....
.......^.######..(...#..
#.##........ #.#....#
#...............#....K5≈
...............#######~
.................
..............### {
...............


You could see Joseph, a kobold brigand (very poisoned), a +1 spectral
quarterstaff (wandering), an orc priest and a white imp.

Vanquished Creatures
  Grinder (D:3)
  Sigmund (D:2)
  2 water moccasins (D:5)
  An ogre (D:4)
  A phantom (D:4)
  A bullfrog (D:5)
  A scorpion (D:5)
  A wight (D:6)
  A howler monkey (D:3)
  2 orc priests
  2 hounds
  3 jellies
  Natasha (twice) (D:2)
  3 orc wizards
  Ijyb (D:3)
  2 gnolls
  2 worms
  A dart slug (D:2)
  16 orcs
  3 ball pythons
  A bat zombie (D:5)
  5 endoplasms
  A giant cockroach (D:3)
  5 goblins
  5 hobgoblins
  4 kobolds
  A quokka (D:3)
  4 bats
  2 frilled lizards
  A rat (D:3)
76 creatures vanquished.

Notes
Turn   | Place    | Note
-------+----------+-------------------------------------------
     0 | D:5      | comborobin the Formicid Delver began the quest for the Orb.
     0 | D:5      | Reached XP level 1. HP: 18/18 MP: 1/1
    48 | D:5      | Noticed a bullfrog
    62 | D:4      | Noticed an orc priest
    62 | D:4      | Noticed an orc wizard
   258 | D:5      | Reached XP level 2. HP: 22/23 MP: 2/2
   547 | D:5      | Reached skill level 3 in Maces & Flails
   547 | D:5      | Reached XP level 3. HP: 9/29 MP: 3/3
   738 | D:4      | Reached skill level 4 in Maces & Flails
   738 | D:4      | Reached XP level 4. HP: 27/35 MP: 4/4
   838 | D:4      | Noticed a phantom
   849 | D:4      | Killed a phantom
   850 | D:4      | Reached skill level 5 in Maces & Flails
   850 | D:4      | Reached XP level 5. HP: 20/41 MP: 5/5
   950 | D:4      | Noticed an ogre
   961 | D:4      | Killed an ogre
   962 | D:4      | Reached skill level 6 in Maces & Flails
   962 | D:4      | Reached XP level 6. HP: 11/47 MP: 6/6
  1401 | D:4      | Found a sacrificial altar of Ru.
  1419 | D:3      | Found a bloodstained altar of Trog.
  1858 | D:3      | Noticed Ijyb
  1894 | D:3      | Killed Ijyb
  2109 | D:3      | Found a broken altar of Ashenzari.
  2124 | D:3      | Found a shimmering blue altar of Sif Muna.
  2580 | D:3      | Reached XP level 7. HP: 46/46 MP: 7/7
  2605 | D:3      | Reached skill level 7 in Maces & Flails
  2965 | D:3      | Noticed Grinder
  2977 | D:3      | Killed Grinder
  2978 | D:3      | Reached skill level 8 in Maces & Flails
  3384 | D:2      | Found a broken altar of Ashenzari.
  3466 | D:2      | Noticed Sigmund
  3473 | D:2      | Killed Sigmund
  3474 | D:2      | Reached XP level 8. HP: 50/58 MP: 8/8
  3749 | D:2      | Noticed Natasha
  3762 | D:2      | Killed Natasha
  3919 | D:2      | Noticed Natasha
  3925 | D:2      | Killed Natasha
  4065 | D:5      | Found a staircase to the Ecumenical Temple.
  4071 | D:5      | Reached skill level 9 in Maces & Flails
  4101 | Temple   | Entered the Ecumenical Temple
  4157 | Temple   | Became a worshipper of Cheibriados the Contemplative
  4720 | D:5      | Reached skill level 1 in Armour
  5054 | D:5      | Found an ancient bone altar of Kikubaaqudgha.
  5151 | D:5      | Reached skill level 10 in Maces & Flails
  5433 | D:6      | You fall into a shaft and drop 2 floors!
  5576 | D:7      | Noticed Joseph
  5583 | D:7      | Mangled by a +1 spectral quarterstaff

Illustrated notes

Levels and vault maps discovered:
D:2:      layout_loops_ring, basic_altar, kennysheep_donut, uniq_natasha,
          uniq_sigmund
D:3:      minmay_door_path, layout_basic, trog_antimagical,
          mainiacjoe_overflow_catwalk_spiral, uniq_grinder, uniq_ijyb
D:4:      layout_rooms, nicolae_ru_path_of_blood
D:5:      layout_basic, lemuel_zombie_altar_kikubaaqudgha,
          minmay_temple_entry_glass
D:6:      layout_loops_ring, mainiacjoe_overflow_concentric_impassable,
          gammafunk_ghost_cemetery, st_stairs_13, lightli_orcish_oven,
          uniq_pikel
D:7:      layout_basic, nicolae_dithmenos_the_darkroom, xom_confusion_cloud,
          uniq_joseph
D:8:      layout_basic, dpeg_lair_monsters, hellmonk_scale_shop
Temple:   hellmonk_temple_forest_ring

Skill      XL: |  1  2  3  4  5  6  7  8 |
---------------+-------------------------+-----
Maces & Flails | 3 4 5 6 8 10 | 10.1
Armour         | 3 |  3.0
Fighting       | |  3.2
Dodging        | |  1.7
Stealth        | |  6.0

Action                     |  1- 3 |  4- 6 |  7- 9 || total
---------------------------+-------+-------+-------++-------
  Melee: Mace              |    11 |       |       ||    11
         Flail             |     1 |     7 |    78 ||    86
         Dagger            |    11 |   151 |    29 ||   191
         Punch             |       |     1 |     1 ||     2
         Great mace        |       |       |    51 ||    51
Ability: Dig               |       |     2 |     2 ||     4
         Shaft Self        |       |       |     1 ||     1
    Use: Potion            |     1 |       |     7 ||     8
         Scroll            |       |       |     6 ||     6
   Stab: Sleeping          |       |     7 |     8 ||    15
 Armour: Leather armour    |     4 |    14 |    31 ||    49
         Ring mail         |     3 |    27 |       ||    30
         Plate armour      |       |       |    38 ||    38
  Dodge: Dodged            |    25 |    91 |    73 ||   189
  Block: Other             |       |     1 |    38 ||    39
         Reflection        |       |       |     3 ||     3
